 Dungeon Crawl Stone Soup version 0.20.1-1-g8b1a95d (webtiles) character file.

24 jmlagarto the Magician (level 2, -3/15 HPs)
             Began as a Deep Elf Wizard on Sept 4, 2017.
             Slain by an adder (4 damage)
             ... on level 2 of the Dungeon.
             The game lasted 00:06:56 (1379 turns).

jmlagarto the Magician (Deep Elf Wizard)            Turns: 1379, Time: 00:06:57

Health: -3/15      AC:  2    Str:  4    XL:     2   Next: 79%
Magic:  6/10       EV: 18    Int: 22    God:
Gold:   87         SH:  0    Dex: 18    Spells: 4/11 levels left

rFire    . . .     SeeInvis .   e - +0 dagger
rCold    . . .     Gourm    .   (no shield)
rNeg     . . .     Faith    .   a - +0 robe
rPois    .         Spirit   .   b - +0 hat
rElec    .         Reflect  .   (no cloak)
rCorr    .         Harm     .   (no gloves)
MR       .....                  (no boots)
Stlth    +++.......             (no amulet)
Regen    0.1/turn               (no ring)
MPRegen  0.2/turn               (no ring)

@: agile, lethally poisoned (-3 -> -11)
A: no striking features
a: no special abilities


You were on level 2 of the Dungeon.
You were full.

You visited 1 branch of the dungeon, and saw 2 of its levels.

You collected 87 gold pieces.

Inventory:

Hand Weapons
 e - a +0 dagger (weapon)
Armour
 a - a +0 robe (worn)
 b - a +0 hat (worn)
Scrolls
 f - a scroll of teleportation {unknown}
 g - a scroll of enchant armour {unknown}
Potions
 i - a potion of flight {unknown}
 k - a potion of curing {unknown}
Books
 c - a book of Minor Magic

   Spells                             Type                      Level
   a - Magic Dart                     Conjuration                  1
   b - Blink                          Translocation                2
   c - Call Imp                       Summoning                    2
   d - Slow                           Hexes                        2
   e - Conjure Flame                  Conjuration/Fire             3
   f - Mephitic Cloud                 Conjuration/Poison/Air       3
Comestibles
 d - 2 bread rations


   Skills:
 + Level 2.7 Dodging
 + Level 2.7 Stealth
 + Level 5.1 Spellcasting
 + Level 1.5 Conjurations
 + Level 1.2 Summonings
 + Level 1.1 Translocations


You had 4 spell levels left.
You knew the following spells:

 Your Spells              Type           Power        Failure   Level  Hunger
a - Magic Dart            Conj           ##..         5%          1    None
b - Call Imp              Summ           ##......     9%          2    None
c - Blink                 Tloc           N/A          10%         2    None
d - Slow                  Hex            #.......     16%         2    None


Dungeon Overview and Level Annotations

Branches:
Dungeon (2/15)

Altars:


Message History

Aiming: Magic Dart
Press: ? - help, Shift-Dir - straight line, f - goblin, p - adder
Aim: a goblin The magic dart hits the goblin.
The goblin is severely wounded.
* * * LOW HITPOINT WARNING * * *
You feel sick. The adder bites you.
* * * LOW HITPOINT WARNING * * *
The goblin barely misses you.
The frilled lizard bites you but does no damage.
Your crimson imp blinks!
It was a potion of agility.
You feel agile all of a sudden. The adder closely misses you.
The goblin closely misses you. The frilled lizard bites you.
* * * LOW HITPOINT WARNING * * *
The adder barely misses you.
* * * LOW HITPOINT WARNING * * *
You feel sick. The adder bites you.
You die...

##########
.........#
....?..).#
.........#######.
..(......<.......
.......@gS###....
.....5l.S## .
..........#
............#
###########..#
#.# ... .#


You could see 2 adders, a goblin, a frilled lizard and a friendly crimson imp.

Vanquished Creatures
  3 ball pythons (D:1)
  2 bats (D:1)
  4 giant cockroaches (D:1)
  2 hobgoblins (D:1)
  2 jackals (D:1)
  A frilled lizard (D:1)
  3 kobolds (D:1)
  4 rats (D:1)
21 creatures vanquished.

Vanquished Creatures (collateral kills)
  A jackal (D:1)
1 creature vanquished.

Grand Total: 22 creatures vanquished

Notes
Turn   | Place    | Note
-------+----------+-------------------------------------------
     0 | D:1      | jmlagarto the Deep Elf Wizard began the quest for the Orb.
     0 | D:1      | Reached XP level 1. HP: 10/10 MP: 7/7
   555 | D:1      | Reached XP level 2. HP: 15/15 MP: 3/9
   566 | D:1      | Learned a level 2 spell: Call Imp
   569 | D:1      | Learned a level 2 spell: Blink
   572 | D:1      | Learned a level 2 spell: Slow
   580 | D:1      | Reached skill level 5 in Spellcasting
  1379 | D:2      | Slain by an adder

Skill      XL: |  1  2 |
---------------+-------+-----
Spellcasting   | 5 |  5.1
Dodging        | |  2.7
Stealth        | |  2.7
Conjurations   | |  1.5
Summonings     | |  1.2
Translocations | |  1.1

Action                   || total
-------------------------++-------
Melee: Dagger            ||     6
 Cast: Magic Dart        ||    53
       Call Imp          ||     2
       Blink             ||     1
  Use: Potion            ||     1
 Stab: Sleeping          ||     2
  Eat: Meat ration       ||     1
       Fruit             ||     1
Armor: Robe              ||     2
Dodge: Dodged            ||    18
